 Dungeon Crawl Stone Soup version 0.31-a0-1343-gcd514f47d3 (webtiles) character file.

Game seed: 5183411878306175251

45 Bnni the Digger (level 3, 0/26 HPs)
             Began as a Formicid Earth Elementalist on Dec 22, 2023.
             Slain by an iguana (14 damage)
             ... on level 2 of the Dungeon.
             The game lasted 00:01:59 (1106 turns).

Bnni the Digger (Formicid Earth Elementalist)       Turns: 1106, Time: 00:01:59

Health: 0/26       AC:  2    Str: 12    XL:     3   Next: 90%
Magic:  3/6        EV: 12    Int: 16    God:
Gold:   51         SH:  0    Dex: 20    Spells: 1/7 levels left

rFire   . . .        c - +0 giant spiked club
rCold   . . .        (shield currently unavailable)
rNeg    . . .        a - +0 robe
rPois   .            (helmet unavailable)
rElec   .            (no cloak)
rCorr   .            (no gloves)
SInv    +            (no boots)
Will    .....        (no amulet)
Stlth   ++           g - +6 ring of dexterity
HPRegen 0.24/turn    (no ring)
MPRegen 0.10/turn

%: no passive effects
@: no status effects
A: permanent stasis, dig shafts and tunnels, antennae 3, four strong arms
a: Dig, Shaft Self


You were on level 2 of the Dungeon.
You visited 1 branch of the dungeon, and saw 2 of its levels.

You collected 51 gold pieces.

Inventory:

Hand Weapons
 c - a +0 giant spiked club (weapon)
Armour
 a - a +0 robe (worn)
 e - a +0 scale mail
Jewellery
 g - a +6 ring of dexterity (left hand)
 k - a +6 ring of strength
Scrolls
 d - a scroll of teleportation {unknown}
 f - a scroll of blinking {unknown}
 j - 2 scrolls of identify {unknown}
 l - a scroll of enchant weapon {unknown}
Potions
 b - a potion of magic
 h - a potion of heal wounds {unknown}
 i - a potion of ambrosia {unknown}


   Skills:
 + Level 1.3 Fighting
 - Level 1.7 Dodging
 - Level 2.4 Stealth
 + Level 2.6 Spellcasting
 * Level 4.6 Earth Magic
 - Level 2.0 Alchemy


You had one spell level left.
You knew the following spells:

 Your Spells              Type           Power      Damage    Failure   Level
a - Sandblast             Erth           32%        2d9       3%          1
b - Passwall              Alch/Erth      10%        N/A       8%          2
c - Stone Arrow           Conj/Erth      18%        3d8       22%         3

Your spell library contained the following spells:

 Spells                   Type           Power      Damage    Failure   Level
 Petrify                  Alch/Erth      12%        N/A       45%         4
 Brom's Barrelling Bould  Conj/Erth      9%         2d3       58%         4


Dungeon Overview and Level Annotations

Branches:
Dungeon (2/15)

Altars:


Innate Abilities, Weirdness & Mutations

You cannot be hasted, slowed, berserked, paralysed or teleported.
You can dig through walls and to a lower floor.
You have a pair of large antennae on your head. (SInv)
Your four strong arms can wield two-handed weapons with a shield.


Message History

Aiming: Sandblast (safe; 3% risk of failure)
Press: ? - help, Q - select action, (/) - cycle Shift-Dir - straight line, f - rat
Aim: a rat (asleep, 100% to hit)
The blast of sand hits the rat!
You kill the rat!
Unknown command.
k - a +6 ring of strength
Things that are here:
a +0 club; 5 stones; a kobold corpse
l - a scroll labelled PEMUEL NALAURR
j - 2 scrolls labelled POVOEL RELEK (gained 1)
An iguana comes into view.
The iguana hisses angrily.
Aiming: Sandblast (safe; 3% risk of failure)
Press: ? - help, Q - select action, (/) - cycle Shift-Dir - straight line, f - iguana
Aim: an iguana (84% to hit)
The blast of sand hits the iguana but does no damage.
Unknown command.
Aiming: Sandblast (safe; 3% risk of failure)
Press: ? - help, Q - select action, (/) - cycle Shift-Dir - straight line, f/p - iguana
Aim: an iguana (84% to hit)
The blast of sand hits the iguana.
The iguana is moderately wounded.
The iguana barely misses you.
You closely miss the iguana.
The iguana is moderately wounded.
The iguana closely misses you. The iguana bites you.
You hit the iguana.
The iguana is severely wounded.
The iguana barely misses you. The iguana bites you!
You are too injured to fight recklessly!
You are too injured to fight recklessly!
Aiming: Sandblast (safe; 3% risk of failure)
Press: ? - help, Q - select action, (/) - cycle Shift-Dir - straight line, f/p - iguana
Aim: an iguana (severely wounded, 84% to hit)
The blast of sand hits the iguana.
The iguana is severely wounded.
The iguana bites you!
Ouch! That really hurt!
You die...

#.# #......
#####'#############..
#....)..........# ##.
#.........####### #.
#.........# #.
#.........# #.
#.........# ##
####.........#
......l@.....#
.......#######
....... .......
....... .......
....... .......


You could see an iguana.

Vanquished Creatures
  2 worms (D:2)
  A dart slug (D:1)
  2 ball pythons (D:1)
  3 bats (D:2)
  8 endoplasms
  2 giant cockroaches (D:1)
  A goblin (D:1)
  3 hobgoblins (D:1)
  A quokka (D:1)
  4 frilled lizards (D:1)
  3 kobolds
  4 rats
34 creatures vanquished.

Notes
Turn   | Place    | Note
-------+----------+-------------------------------------------
     0 | D:1      | Bnni the Formicid Earth Elementalist began the quest for
                  | the Orb.
     0 | D:1      | Reached XP level 1. HP: 13/13 MP: 3/3
   173 | D:1      | Reached XP level 2. HP: 15/20 MP: 5/5
   221 | D:1      | Reached skill level 4 in Earth Magic
   341 | D:1      | Reached XP level 3. HP: 25/25 MP: 4/6
   368 | D:1      | Reached skill level 1 in Fighting
   371 | D:1      | Learned a level 2 spell: Passwall
   375 | D:1      | Learned a level 3 spell: Stone Arrow
  1106 | D:2      | Slain by an iguana

Illustrated notes

Levels and vault maps discovered:
D:1:      dpeg_arrival_shrine, layout_basic
D:2:      layout_basic, nicolae_grassy_gnolls

Skill      XL: |  1  2  3 |
---------------+----------+-----
Alchemy        | 2 |  2.0
Earth Magic    | 4 |  4.6
Fighting       | 1 |  1.3
Dodging        | |  1.7
Stealth        | |  2.4
Spellcasting   | |  2.6

Action                     || total
---------------------------++-------
  Melee: Giant spiked club ||    24
   Cast: Sandblast         ||    34
   Stab: Sleeping          ||     3
 Armour: Robe              ||    22
  Dodge: Dodged            ||    18

Table legend: (Time is in decaauts)
 A = Elapsed time spent in this place.
 B = Non-inter-level travel time spent in this place.
 C = Inter-level travel time spent in this place.
 D = Time resting spent in this place.
 E = Time spent auto-exploring this place.
 F = Levels seen in this place.
 G = Mean time per level.
                   A        B        C        D        E       F      G
               +--------+--------+--------+--------+--------+-----+--------+
         Total |   1141 |   1134 |      7 |      0 |    907 |   2 |  570.5 |
       Dungeon |   1141 |   1134 |      7 |      0 |    907 |   2 |  570.5 |
               +--------+--------+--------+--------+--------+-----+--------+

Top non-repeatable levels by time:
     D:1: 752 daAuts
     D:2: 388 daAuts
